 Dungeon Crawl Stone Soup version 0.29.0-4-gdea44cf6ec (webtiles) character file.

Game seed: 2264070629497889779

2923 Lutefisk the Covert (level 9, -9/51 HPs)
             Began as a Vine Stalker Brigand on Aug 27, 2022.
             Was a Believer of Elyvilon.
             Mangled by Joseph
             ... wielding a +0 quarterstaff
              (15 damage)
             ... on level 8 of the Dungeon.
             The game lasted 00:19:23 (3189 turns).

Lutefisk the Covert (Vine Stalker Brigand)          Turns: 3189, Time: 00:19:24

Health: -9/51      AC:  7    Str: 15    XL:     9   Next: 79%
Magic:  0/13       EV: 13    Int: 11    God:    Elyvilon [**....]
Gold:   424        SH:  0    Dex: 19    Spells: 8/8 levels left

rFire   . . .      SeeInvis .   h - +1 short sword (venom)
rCold   + . .      Faith    .   (no shield)
rNeg    + . .      Spirit   +   J - +2 robe {rN+}
rPois   .          Reflect  .   z - +0 helmet
rElec   .          Harm     .   c - +0 cloak
rCorr   .          Rampage  .   C - +0 pair of gloves
Will    +....                   (no boots)
Stlth   +++++.....              y - amulet of regeneration
HPRegen 1.77/turn               t - ring of protection from cold
MPRegen 0.13/turn               w - ring of flight

@: flying
A: fangs 3, regeneration 1, magic shield, antimagic bite, no potion heal 2
a: Renounce Religion, Purification, Heal Other


You were on level 8 of the Dungeon.
You worshipped Elyvilon.
Elyvilon was pleased with you.
You visited 2 branches of the dungeon, and saw 9 of its levels.

You collected 424 gold pieces.

Inventory:

Hand Weapons
 a - a +2 dagger
 b - a +2 lajatang of venom
 h - a +1 short sword of venom (weapon)
 I - a +3 scimitar of flaming
Missiles
 d - 15 poisoned darts (quivered)
Armour
 c - a +0 cloak (worn)
 z - a +0 helmet (worn)
 C - a +0 pair of gloves (worn)
 J - a +2 robe of positive energy (worn)
Jewellery
 n - an amulet of faith
 t - a ring of protection from cold (left hand)
 v - an amulet of the acrobat
 w - a ring of flight (right hand)
 y - an amulet of regeneration (around neck)
Scrolls
 j - 3 scrolls of noise {unknown}
 k - 5 scrolls of identify {unknown}
 o - a scroll of amnesia {unknown}
 q - 4 scrolls of fear {unknown}
 x - 3 scrolls of blinking {unknown}
 A - 2 scrolls of teleportation {unknown}
 E - 2 scrolls of butterflies {unknown}
 G - 2 scrolls of summoning {unknown}
Potions
 f - a potion of haste {unknown}
 g - 3 potions of curing
 i - 3 potions of resistance {unknown}
 l - 6 potions of might {unknown}
 m - 3 potions of heal wounds {unknown}
 p - 2 potions of lignification {unknown}
 r - 2 potions of mutation {unknown}
 s - a potion of attraction {unknown}
 u - a potion of degeneration {unknown}
 B - a potion of brilliance {unknown}
 D - a potion of cancellation {unknown}
 F - a potion of invisibility {unknown}


   Skills:
 - Level 8.0 Fighting
 - Level 2.0 Short Blades
 - Level 3.0 Throwing
 - Level 3.0 Armour
 * Level 3.4 Dodging
 - Level 10.0 Stealth
 - Level 4.0 Invocations


You had 8 spell levels left.
You didn't know any spells.
Your spell library contained the following spells:

 Spells                   Type           Power      Damage    Failure   Level
 Freeze                   Ice            0%         1d3       34%         1
 Frozen Ramparts          Ice            0%         1d1       71%         3
 Stone Arrow              Conj/Erth      0%         3d7       71%         3
 Animate Armour           Summ/Erth      0%         N/A       98%         4
 Hailstorm                Conj/Ice       0%         3d3       98%         4
 Lehudib's Crystal Spear  Conj/Erth      0%         10d2      100%        8


Dungeon Overview and Level Annotations

Branches:
Dungeon (8/15)             Temple (1/1) D:5
   Lair: D:8-11

Altars:
Dithmenos
Elyvilon
Fedhas
Sif Muna
Uskayaw
Vehumet
Zin
The Shining One

Annotations:
D:3 2 transporters
D:4 Grinder, Ijyb
D:5 1 transporter, ShnitzelX2's ghost, amateur FeDe
D:8 Joseph


Innate Abilities, Weirdness & Mutations

You have razor-sharp teeth.
Your natural rate of healing is unusually fast.
When hurt, damage is shared between your health and your magic reserves.
Your bite disrupts and absorbs the magic of your enemies.
Potions cannot restore your health.


Message History

Joseph is moderately wounded.
Joseph is no longer moving slowly.
Throw: dart (curare)
Press: ? - help, Q - select action, (/) - cycle Shift-Dir - straight line, f - Joseph, p - gnoll
Aim: Joseph, wielding a +0 quarterstaff and wearing a +3 leather armour of cold resistance (moderately wounded, extremely poisoned, 66% to hit)
You throw a curare-tipped dart. The curare-tipped dart hits Joseph.
Joseph looks as sick as possible!
Joseph convulses.
Joseph seems to slow down.
Joseph is heavily wounded.
Joseph hits you with a +0 quarterstaff.
Press: ? - help, Dir - move target, f - gnoll, p - Joseph Heal: a gnoll, wielding a +0 whip (chance to pacify: 58%)
Press: ? - help, Dir - move target, f - gnoll, p - Joseph Heal: a gnoll, wielding a +0 whip (chance to pacify: 58%)
The gnoll turns neutral.
Joseph hits you with a +0 quarterstaff.
You barely miss Joseph.
Joseph is heavily wounded.
You hit Joseph.
Joseph looks as sick as possible!
You bite Joseph. You drain his power.
You feel invigorated.
Joseph is severely wounded.
Joseph hits you with a +0 quarterstaff!
You hit Joseph but do no damage.
Joseph looks as sick as possible!
Joseph is severely wounded.
Joseph hits you but does no damage.
You hit Joseph.
Joseph looks as sick as possible!
You bite Joseph, but do no damage.
Joseph is severely wounded.
You hit Joseph.
Joseph looks as sick as possible!
You bite Joseph. You drain his power.
You feel invigorated.
Joseph is almost dead.
Joseph hits you with a +0 quarterstaff!
* * * LOW HITPOINT WARNING * * *
You completely miss Joseph.
Joseph is almost dead.
Joseph is no longer moving slowly.
Joseph hits you with a +0 quarterstaff!
* * * LOW HITPOINT WARNING * * *
You hit Joseph.
Joseph is almost dead.
Joseph hits you with a +0 quarterstaff!
You die...

#..... ##.#.#
...... .###.#.#
..... ##........
#...... #...##.#
## .#....####
#.........
####.........
#.....@......
###@# #...# ####
#.#.# ####..
...#.# ....#
#.)###.# #..#
#..# ##.# ###..##
...# #..#
#.....#### # ###
#.#####.###....##
# #.#.....#
####..###


You could see Joseph (extremely poisoned).

Vanquished Creatures
  Erica (D:8)
  A wyvern (D:7)
  Eustachio (D:4)
  Edmund (D:4)
  2 water moccasins
  3 sky beasts
  2 black bears
  A centaur (D:8)
  2 phantoms
  2 bullfrogs
  4 scorpions
  A gnoll sergeant (D:7)
  2 howler monkeys
  6 hounds
  2 jellies
  5 iguanas
  An orc wizard (D:6)
  2 gnolls
  4 adders
  2 ufetubi (D:7)
  2 worms
  9 orcs
  3 endoplasms
  2 giant cockroaches
  2 hobgoblins
  7 kobolds
  A quokka (D:1)
  4 ball pythons
  5 bats
  3 frilled lizards
  4 goblins
  6 rats
93 creatures vanquished.

Notes
Turn   | Place    | Note
-------+----------+-------------------------------------------
     0 | D:1      | Lutefisk the Vine Stalker Brigand began the quest for the
                  | Orb.
     0 | D:1      | Reached XP level 1. HP: 11/11 MP: 2/2
   241 | D:1      | Reached skill level 5 in Stealth
   347 | D:1      | Reached XP level 2. HP: 14/15 MP: 3/3
   671 | D:2      | Reached XP level 3. HP: 14/19 MP: 4/4
   800 | D:3      | Found a transporter.
  1090 | D:3      | Found a transporter.
  1160 | D:4      | Noticed Grinder
  1162 | D:4      | Noticed Ijyb
  1281 | D:4      | Gained mutation: Your natural rate of healing is unusually
                  | fast. [Vine Stalker growth]
  1281 | D:4      | Reached XP level 4. HP: 20/25 MP: 5/5
  1331 | D:4      | Noticed a scorpion
  1338 | D:4      | Killed a scorpion
  1339 | D:4      | Reached skill level 6 in Stealth
  1339 | D:4      | Reached XP level 5. HP: 21/29 MP: 4/6
  1449 | D:4      | Noticed Edmund
  1475 | D:4      | Killed Edmund
  1476 | D:4      | Reached skill level 5 in Fighting
  1476 | D:4      | Reached XP level 6. HP: 27/35 MP: 2/7
  1497 | D:4      | Reached skill level 1 in Dodging
  1507 | D:4      | Noticed Eustachio
  1537 | D:4      | Killed Eustachio
  1538 | D:4      | Reached skill level 1 in Armour
  1538 | D:4      | Reached skill level 7 in Stealth
  1551 | D:4      | Reached XP level 7. HP: 35/39 MP: 2/8
  1624 | D:5      | Entered Level 5 of the Dungeon
  1704 | D:5      | Found a staircase to the Ecumenical Temple.
  1712 | Temple   | Entered the Ecumenical Temple
  1718 | Temple   | Became a worshipper of Elyvilon the Healer
  1903 | D:5      | Found a transporter.
  1905 | D:5      | Noticed ShnitzelX2's ghost (amateur FeDe)
  1909 | D:5      | Identified the +5 great mace "Riraluv" {holy, Contam rPois
                  | rC+ Dex+5}
  1939 | D:5      | Reached skill level 1 in Invocations
  2083 | D:5      | Reached skill level 8 in Stealth
  2083 | D:5      | Gained mutation: You have razor-sharp teeth. [Vine Stalker
                  | growth]
  2083 | D:5      | Reached XP level 8. HP: 43/44 MP: 10/10
  2211 | D:6      | Found a shadowy altar of Dithmenos.
  2237 | D:6      | Reached * piety under Elyvilon
  2384 | D:6      | Reached skill level 9 in Stealth
  2682 | D:7      | Reached ** piety under Elyvilon
  2874 | D:7      | Reached skill level 10 in Stealth
  2874 | D:7      | Reached XP level 9. HP: 49/49 MP: 10/12
  3002 | D:8      | Noticed Erica
  3008 | D:8      | Killed Erica
  3170 | D:8      | Noticed Joseph
  3189 | D:8      | Mangled by Joseph

Illustrated notes

Levels and vault maps discovered:
D:1:      evilmike_arrival_crescent, layout_basic
D:2:      minmay_alternating_diamond, layout_basic, minmay_pentomino_q2
D:3:      gammafunk_wand_slinger, layout_loops_ring
D:4:      layout_cave_pools, uniq_ijyb, uniq_grinder, uniq_eustachio,
          uniq_edmund
D:5:      layout_basic, minmay_temple_entry_stoned_glass, gammafunk_ghost_smash,
          amcnicky_mini_pool_medium
D:6:      layout_basic, mainiacjoe_overflow_cross_hatched
D:7:      layout_cave_pools, minmay_misc_feat_enclosed
D:8:      layout_rooms, lair_entry_dummy, serial_shops, shop, uniq_erica,
          uniq_joseph
Temple:   nicolae_temple_bog_church

Skill      XL: |  1  2  3  4  5  6  7  8  9 |
---------------+----------------------------+-----
Fighting       | 2 4 5 6 8 |  8.0
Stealth        | 5 6 7 8 10 | 10.0
Throwing       | 2 3 |  3.0
Dodging        | 1 3 |  3.4
Armour         | 1 3 |  3.0
Short Blades   | 2 |  2.0
Invocations    | 2 4 |  4.0

Action                   |  1- 3 |  4- 6 |  7- 9 || total
-------------------------+-------+-------+-------++-------
Melee: Short sword       |    72 |    40 |   182 ||   294
       Bite              |    13 |    14 |    64 ||    91
       Punch             |     1 |       |     2 ||     3
Throw: Dart              |     1 |    17 |    18 ||    36
Invok: Heal Other        |       |       |     2 ||     2
 Stab: Sleeping          |    12 |       |     9 ||    21
Armor: Robe              |    16 |    10 |    27 ||    53
       Leather armour    |       |       |    15 ||    15
Dodge: Dodged            |    29 |    44 |   122 ||   195
